 Dungeon Crawl Stone Soup version 0.18.1-48-g4cf74bf (webtiles) character file.

2575 Heedrag the Destroyer (level 9, 0/45 HPs)
             Began as a Deep Elf Conjurer on July 31, 2016.
             Was a Follower of Vehumet.
             Slain by a killer bee (3 damage)
             ... on level 8 of the Dungeon.
             The game lasted 00:20:02 (7669 turns).

Heedrag the Destroyer (Deep Elf Conjurer)           Turns: 7669, Time: 00:20:03

Health: 0/45       AC:  6    Str: 10    XL:     9   Next: 32%
Magic:  13/24      EV:  8    Int: 21    God:    Vehumet [*.....]
Gold:   463        SH:  0    Dex: 17    Spells: 6 memorised, 6 levels left

rFire  . . .     SeeInvis +     J - +4 quarterstaff (chaos)
rCold  + . .     Gourm    .     a - +0 robe
rNeg   . . .     Faith    .     (shield currently unavailable)
rPois  .         Spirit   .     (helmet restricted)
rElec  .         Dismiss  .     K - +0 cloak
rCorr  .         Reflect  .     (no gloves)
SustAt .         Harm     .     G - +1 pair of boots
MR     .....                    (no amulet)
Stlth  ++........               F - ring of protection from cold
                                N - ring of see invisible

@: lethally poisoned (0 -> -1), not resistant to hostile enchantments,
unstealthy
A: antennae 1, molten scales 1, agile 1, deformed body, shaggy fur 1, strong 1,
subdued magic 1, MP-powered wands
a: Renounce Religion


You were on level 8 of the Dungeon.
You worshipped Vehumet.
Vehumet was aware of your devotion.
You were hungry.

You visited 2 branches of the dungeon, and saw 9 of its levels.

You collected 463 gold pieces.

Inventory:

Hand Weapons
 m - a +0 dagger
 o - a +2 hand axe of draining
 J - a +4 quarterstaff of chaos (weapon)
Armour
 a - a +0 robe (worn)
 g - a +0 buckler
 G - a +1 pair of boots (worn)
 K - a +0 cloak (worn)
Jewellery
 w - an uncursed ring of flight
 F - a ring of protection from cold (right hand)
 N - a ring of see invisible (left hand)
Wands
 z - a wand of lightning (8/15)
 H - a wand of flame (0/48)
 L - a wand of disintegration (5/24)
Scrolls
 d - 13 scrolls of identify {unknown}
 e - 2 scrolls of recharging {unknown}
 h - 6 scrolls of teleportation {unknown}
 i - 2 scrolls of enchant weapon {unknown}
 l - 2 scrolls of amnesia {unknown}
 s - a scroll of immolation {unknown}
 v - 2 scrolls of remove curse {unknown}
 x - a scroll of blinking {unknown}
 C - a scroll of random uselessness {unknown}
 I - a scroll of holy word {unknown}
Potions
 f - 2 potions of might {unknown}
 j - a potion of berserk rage {unknown}
 k - 5 potions of curing
 n - 2 potions of lignification {unknown}
 p - 2 potions of flight {unknown}
 q - a potion of degeneration {unknown}
 t - a potion of resistance {unknown}
 u - a potion of mutation {unknown}
 A - a potion of agility {unknown}
 B - a potion of cure mutation {unknown}
 O - a potion of heal wounds {unknown}
Books
 b - a book of Conjurations

   Spells                             Type                      Level
   a - Magic Dart                     Conjuration                  1
   b - Searing Ray                    Conjuration                  2
   c - Dazzling Spray                 Conjuration/Hexes            3
   d - Fulminant Prism                Conjuration/Hexes            4
   e - Iskenderun's Mystic Blast      Conjuration                  4
   f - Iskenderun's Battlesphere      Conjuration/Charms           5
 y - a book of Necromancy

   Spells                             Type                      Level
   a - Pain                           Necromancy                   1
   b - Animate Skeleton               Necromancy                   1
   c - Vampiric Draining              Necromancy                   3
   d - Regeneration                   Charms/Necromancy            3
   e - Animate Dead                   Necromancy                   4
   f - Control Undead                 Necromancy                   4
 E - a book of the Warp

   Spells                             Type                      Level
   a - Recall                         Summoning/Translocation      3
   b - Gell's Gravitas                Hexes/Translocation          3
   c - Force Lance                    Conjuration/Translocation    4
   d - Warp Weapon                    Charms/Translocation         5
   e - Summon Forest                  Summoning/Translocation      5
Comestibles
 c - 3 bread rations
 r - 6 meat rations
 D - a royal jelly
 M - a chunk of flesh


   Skills:
 - Level 2.4 Dodging
 - Level 2.4 Stealth
 + Level 9.0 Spellcasting
 * Level 11.0 Conjurations
 + Level 7.9 Charms


You had 6 spell levels left.
You knew the following spells:

 Your Spells              Type           Power        Failure   Level  Hunger
a - Magic Dart            Conj           ####         1%          1    None
b - Dazzling Spray        Conj/Hex       ####..       1%          3    None
c - Iskenderun's Mystic   Conj           #####...     1%          4    ##.....
d - Iskenderun's Battles  Conj/Chrm      #####...     3%          5    #####..
e - Force Lance           Conj/Tloc      ####....     8%          4    ##.....
f - Regeneration          Chrm/Necr      ###.......   3%          3    None


Dungeon Overview and Level Annotations

Branches:
Dungeon (8/15)             Temple (1/1) D:4
   Lair: D:8-11

Altars:
Cheibriados
Fedhas
Gozag
Kikubaaqudgha
Makhleb
Nemelex Xobeh
Okawaru
Pakellas
Qazlal
Ru
Sif Muna
Trog
Vehumet
Yredelemnul
Jiyva

Shops:
D:7 [


Innate Abilities, Weirdness & Mutations

You have a pair of small antennae on your head.
You are partially covered in molten scales (AC +1).
You are agile. (Dex +2)
Armour fits poorly on your strangely shaped body.
You are covered in fur (AC +1).
Your muscles are strong. (Str +2)
Your spells are a little easier to cast, but a little less powerful.
You expend magic power (3 MP) to strengthen your wands.


Message History

Yer skin stops crawlin'.
Tha killer bee stin's ye but does nay damage.
Ye feel sick.
Tha killer bee stin's ye.
Tha killer bee stin's ye but does nay damage.
Ye feel sick.
Tha killer bee stin's ye!
Tha killer bee stin's ye.
* * * LOW HITPOINT WARNIN'
* * * Tha killer bee barely misses ye.
Tha killer bee misses ye.
Tha killer bee closely misses ye.
Tha killer bee barely misses ye.
Ye feel sick.
Tha killer bee stin's ye.
* * * LOW HITPOINT WARNIN'
* * * Thar be a stone staircase leadin' down 'ere.
Tha killer bee stin's ye.
* * * LOW HITPOINT WARNIN'
* * * Tha killer bee stin's ye but does nay damage.
Tha killer bee stin's ye.
* * * LOW HITPOINT WARNIN'
* * * Tha killer bee stin's ye but does nay damage.
Tha killer bee stin's ye.
Ye die...

##########.# #.......##.#
#.#####.##.#
#####.#####.##.######
#.y.y.......#......>##
#.###.###.#.#........# #ยง#
#.###.........#..# # #y#
#yyyy.......).#..#### #.#
#.yy@...#...#..))...(
####y###########.()....(####
#...y..yy# ##.####### #
#.##.###y# #.# # #.# #.# #+#
#.###y## ... #....yy# ....
## ####...# ..... ##.
###....###.y.... ####..


You could see 6 killer bees.

Vanquished Creatures
  Grinder (D:3)
  A hungry ghost (D:7)
  Menkaure (D:4)
  2 sky beasts
  3 phantoms
  2 ice beasts
  2 ogres
  A centaur (D:7)
  2 giant frogs
  6 wights
  5 crimson imps
  A giant frog zombie (D:7)
  A hound (D:8)
  2 orc priests (D:6)
  A centaur skeleton (D:8)
  3 orc wizards
  Crazy Yiuf (D:7)
  Jessica (D:3)
  4 iguanas
  A hound skeleton (D:6)
  2 worker ant zombies (D:5)
  4 gnolls (D:5)
  12 adders
  A shadow imp (D:6)
  An ooze (D:4)
  An adder zombie (D:8)
  An adder skeleton (D:5)
  2 worms
  6 giant geckos
  17 orcs
  8 bats
  6 giant cockroaches
  9 goblins
  4 hobgoblins
  17 jackals
  A kobold (D:2)
  2 quokkas
  A ball python (D:2)
  6 giant newts
  6 rats
148 creatures vanquished.

Notes
Turn   | Place    | Note
--------------------------------------------------------------
     0 | D:1      | Heedrag the Deep Elf Conjurer began the quest for the Orb.
     0 | D:1      | Reached XP level 1. HP: 10/10 MP: 6/6
   236 | D:1      | Reached XP level 2. HP: 15/15 MP: 5/8
   690 | D:2      | Found an iron altar of Okawaru.
   695 | D:2      | Reached skill level 5 in Conjurations
   900 | D:2      | Reached XP level 3. HP: 15/19 MP: 6/9
   961 | D:2      | Learned a level 3 spell: Dazzling Spray
  1130 | D:2      | Reached XP level 4. HP: 19/24 MP: 3/11
  1560 | D:2      | Learned a level 4 spell: Iskenderun's Mystic Blast
  1615 | D:3      | Found a sacrificial altar of Ru.
  1642 | D:3      | Noticed Grinder
  1772 | D:4      | Found a staircase to the Ecumenical Temple.
  1821 | D:5      | Entered Level 5 of the Dungeon
  1870 | Temple   | Entered the Ecumenical Temple
  2022 | D:4      | Noticed Menkaure
  2030 | D:4      | Killed Menkaure
  2030 | D:4      | Reached skill level 5 in Spellcasting
  2030 | D:4      | Reached skill level 6 in Conjurations
  2030 | D:4      | Reached XP level 5. HP: 28/28 MP: 6/14
  2152 | D:4      | Learned a level 5 spell: Iskenderun's Battlesphere
  2504 | D:4      | Reached skill level 1 in Charms
  2517 | D:4      | Reached skill level 7 in Conjurations
  2517 | D:4      | Reached XP level 6. HP: 25/32 MP: 6/16
  3144 | D:5      | Found a deep blue altar of Sif Muna.
  3946 | D:5      | Reached XP level 7. HP: 28/36 MP: 6/18
  4234 | D:6      | Reached skill level 8 in Conjurations
  4434 | D:6      | Learned a level 4 spell: Force Lance
  4507 | D:6      | Gained mutation: You are covered in fur (AC +1). [mutagenic meat]
  4508 | D:6      | Gained mutation: Your spells are a little easier to cast, but a little less powerful. [mutagenic meat]
  4509 | D:6      | Gained mutation: You expend magic power (3 MP) to strengthen your wands. [mutagenic meat]
  4510 | D:6      | Gained mutation: Your muscles are strong. (Str +2) [mutagenic meat]
  4674 | D:6      | Reached XP level 8. HP: 27/41 MP: 10/20
  5046 | D:3      | Noticed Jessica
  5049 | D:3      | Killed Jessica
  5049 | D:3      | Reached skill level 9 in Conjurations
  5072 | D:3      | Reached skill level 5 in Charms
  5229 | D:3      | Killed Grinder
  5258 | D:3      | Found a snail-covered altar of Cheibriados.
  5262 | D:3      | Found a basalt altar of Yredelemnul.
  5267 | D:3      | Found an opulent altar of Gozag.
  5670 | D:7      | Learned a level 3 spell: Regeneration
  5760 | D:7      | Found a burning altar of Makhleb.
  5761 | D:7      | Found a radiant altar of Vehumet.
  5819 | D:7      | Became a worshipper of Vehumet
  6052 | D:7      | Reached skill level 10 in Conjurations
  6120 | D:7      | Found an oddly glowing altar of Pakellas.
  6297 | D:7      | Noticed Crazy Yiuf
  6312 | D:7      | Killed Crazy Yiuf
  6326 | D:7      | Found Upryop's Armour Shoppe.
  6536 | D:7      | Found an ancient bone altar of Kikubaaqudgha.
  6754 | D:8      | Reached XP level 9. HP: 45/45 MP: 14/23
  6778 | D:8      | Found a sacrificial altar of Ru.
  7119 | D:8      | Reached * piety under Vehumet
  7119 | D:8      | Offered knowledge of Freeze by Vehumet.
  7234 | D:8      | Gained mutation: Armour fits poorly on your strangely shaped body. [mutagenic meat]
  7235 | D:8      | Gained mutation: You are agile. (Dex +2) [mutagenic meat]
  7236 | D:8      | Gained mutation: You have a pair of small antennae on your head. [mutagenic meat]
  7237 | D:8      | Gained mutation: You are partially covered in molten scales (AC +1). [mutagenic meat]
  7486 | D:8      | Reached skill level 11 in Conjurations
  7669 | D:8      | Slain by a killer bee

Skill      XL: |  1  2  3  4  5  6  7  8  9 |
---------------+----------------------------+-----
Conjurations   | 5 6 7 8 10 11 | 11.0
Spellcasting   | 5 6 7 8 9 |  9.0
Charms         | 1 3 4 7 |  7.9
Dodging        | |  2.4
Stealth        | |  2.4

Action                   |  1- 3 |  4- 6 |  7- 9 || total
-------------------------+-------+-------+-------++-------
Melee: Hand axe          |       |    30 |    28 ||    58
       Quarterstaff      |       |       |     5 ||     5
 Cast: Magic Dart        |    49 |   135 |   232 ||   416
       Dazzling Spray    |       |     3 |     7 ||    10
       Iskenderun's Batt |       |       |    27 ||    27
       Regeneration      |       |       |     1 ||     1
 Stab: Invisible         |       |     1 |     1 ||     2
  Eat: Chunk             |       |     8 |    29 ||    37
Armor: Robe              |     4 |     3 |    22 ||    29
Dodge: Dodged            |    18 |    37 |    83 ||   138
